 Dungeon Crawl Stone Soup version 0.27.1-15-g792fb953b9 (webtiles) character file.

Game seed: 13911752183463228478

54 styxcanada the Sneak (level 3, -3/18 HPs)
             Began as a Spriggan Brigand on Nov 20, 2021.
             Frozen to death by an endoplasm (5 damage)
             ... on level 2 of the Dungeon.
             The game lasted 00:05:26 (1897 turns).

styxcanada the Sneak (Spriggan Brigand)             Turns: 1897, Time: 00:05:26

Health: -3/18      AC:  3    Str:  7    XL:     3   Next: 66%
Magic:  4/4        EV: 17    Int: 12    God:
Gold:   28         SH:  0    Dex: 17    Spells: 2/2 levels left

rFire    . . .     SeeInvis +   a - +2 dagger
rCold    . . .     Faith    .   (shield restricted)
rNeg     . . .     Spirit   .   b - +0 robe
rPois    .         Reflect  .   (helmet restricted)
rElec    .         Harm     .   c - +0 cloak
rCorr    .         Rampage  .   (gloves unavailable)
Will     .....                  (boots unavailable)
Stlth    ++++......             (no amulet)
HPRegen  0.06/turn              (no ring)
MPRegen  0.09/turn              (no ring)

@: very quick
A: very small, no large weapons, unfitting armour, see invisible, speed 3
a: no special abilities


You were on level 2 of the Dungeon.
You visited 1 branch of the dungeon, and saw 2 of its levels.

You collected 28 gold pieces.

Inventory:

Hand Weapons
 a - a +2 dagger (weapon)
Missiles
 d - 4 poisoned darts (quivered)
 e - 2 curare-tipped darts
Armour
 b - a +0 robe (worn)
 c - a +0 cloak (worn)
Jewellery
 g - a ring of fire
Scrolls
 f - a scroll of teleportation {unknown}
 i - a scroll of magic mapping {unknown}
 j - 3 scrolls of identify {unknown}
Potions
 h - a potion of haste {unknown}
 k - a potion of cancellation {unknown}


   Skills:
 * Level 2.2 Fighting
 + Level 2.6 Short Blades
 + Level 2.0 Throwing
 * Level 2.1 Dodging
 * Level 6.8 Stealth


You had 2 spell levels left.
You didn't know any spells.
Your spell library was empty.

Dungeon Overview and Level Annotations

Branches:
Dungeon (2/15)

Altars:

Annotations:
D:2 Robin


Innate Abilities, Weirdness & Mutations

You are very small and have problems with some larger weapons.
You are too small for most types of armour.
You have supernaturally acute eyesight. (SInv)
You cover ground extremely quickly. (Speed+++)


Message History

The ball python completely misses you. The ball python misses you.
The ball python closely misses you. The ball python grabs you.
The ball python constricts you.
There is a stone staircase leading up here.
You closely miss the ball python. The ball python closely misses you.
The ball python constricts you.
You hit the ball python.
The ball python is severely wounded.
The ball python closely misses you. The ball python constricts you.
You hit the ball python but do no damage.
The ball python is severely wounded.
The ball python bites you. The ball python constricts you.
You closely miss the ball python.
The ball python is severely wounded.
The ball python misses you. The ball python constricts you.
The ball python bites you but does no damage.
The ball python constricts you.
You hit the ball python.
You kill the ball python!
You see here a ball python corpse.
You start resting.
An endoplasm is nearby!
You barely miss the endoplasm.
The endoplasm quivers.
The endoplasm hits you.
You hit the endoplasm but do no damage. The endoplasm freezes you.
You are frozen.
You hit the endoplasm but do no damage. The endoplasm closely misses you.
You barely miss the endoplasm. The endoplasm freezes you.
You are frozen.
* * * LOW HITPOINT WARNING * * *
You hit the endoplasm but do no damage.
The endoplasm hits you but does no damage.
You hit the endoplasm.
The endoplasm is moderately wounded.
The endoplasm freezes you.
You are frozen.
You die...

######### ##
##<†.....# ..
#.######.## ..
#......#..# ..
##.####.##.#######
..
........J@>......#
..
#.####.##.#####.#
.. #.# #.##.# ..
#.# #.##.. .....
#.# #.######.
.....
#.####S.......
......
#.#...........
.......
#.#S##########
.......##.#.#


You could see an endoplasm.

Vanquished Creatures
  An adder (D:2)
  2 dart slugs
  4 ball pythons
  3 endoplasms (D:1)
  A giant cockroach (D:1)
  9 goblins
  6 hobgoblins
  3 jackals (D:1)
  A quokka (D:1)
  A bat (D:1)
  5 rats
36 creatures vanquished.

Notes
Turn   | Place    | Note
-------+----------+-------------------------------------------
     0 | D:1      | styxcanada the Spriggan Brigand began the quest for the
                  | Orb.
     0 | D:1      | Reached XP level 1. HP: 10/10 MP: 2/2
    87 | D:1      | Reached skill level 6 in Stealth
   153 | D:1      | Found a faded altar of an unknown god.
   189 | D:1      | Reached XP level 2. HP: 10/15 MP: 3/3
  1099 | D:1      | Reached XP level 3. HP: 18/18 MP: 4/4
  1475 | D:2      | Noticed Robin
  1897 | D:2      | Frozen to death by an endoplasm

Illustrated notes

Levels and vault maps discovered:
D:1:      dpeg_arrival_short_road, layout_basic,
          chequers_ecumenical_altar_simple_redux, serial_forest,
          infiniplex_forest_lined_room_2, infiniplex_forest_lined_2,
          infiniplex_forest_lined_room_2, infiniplex_forest_straight_2,
          infiniplex_forest_end_1, infiniplex_forest_end_double,
          serial_bayou_pond_a
D:2:      layout_basic, serial_curves, eino_curves_02, eino_curves_02,
          basic_altar, hex_large, uniq_robin

Skill      XL: |  1  2  3 |
---------------+----------+-----
Stealth        | 6 |  6.8
Fighting       | 2 |  2.2
Dodging        | 2 |  2.1
Short Blades   | |  2.6
Throwing       | |  2.0

Action                   || total
-------------------------++-------
Melee: Dagger            ||   107
Throw: Dart              ||     6
 Stab: Sleeping          ||     9
Armor: Robe              ||    14
Dodge: Dodged            ||    78
